 Dungeon Crawl Stone Soup version 0.22.1-2-g9c5b331383 (webtiles) character file.

361 Adamkad1 the Charmwright (level 6, 0/42 HPs)
             Began as a Halfling Skald on Dec 19, 2018.
             Slain by Edmund
             ... wielding a +0 flail of protection
              (7 damage)
             ... on level 4 of the Dungeon.
             The game lasted 00:07:46 (3506 turns).

Adamkad1 the Charmwright (Halfling Skald)           Turns: 3506, Time: 00:07:46

Health: 0/42       AC:  5    Str: 12    XL:     6   Next: 98%
Magic:  4/9        EV: 16    Int: 11    God:
Gold:   104        SH:  0    Dex: 16    Spells: 1/9 levels left

rFire    . . .     SeeInvis .   a - +1 falchion
rCold    . . .     Gourm    .   (shield restricted)
rNeg     . . .     Faith    .   b - +1 leather armour
rPois    .         Spirit   .   h - +0 helmet
rElec    .         Reflect  .   (no cloak)
rCorr    .         Harm     .   (no gloves)
MR       .....                  (no boots)
Stlth    +.........             (no amulet)
HPRegen  0.14/turn              (no ring)
MPRegen  0.11/turn              (no ring)

@: no status effects
A: small, mutation resistance 1
a: no special abilities


You were on level 4 of the Dungeon.
You were not hungry.

You visited 1 branch of the dungeon, and saw 4 of its levels.

You collected 104 gold pieces.

Inventory:

Hand Weapons
 a - a +1 falchion (weapon)
 i - a +0 hunting sling
Missiles
 j - 46 stones (quivered)
Armour
 b - a +1 leather armour (worn)
 h - a +0 helmet (worn)
Wands
 l - a wand of iceblast (8)
 n - a wand of enslavement (15)
Scrolls
 c - 2 scrolls of fog
 g - a scroll of identify
 m - a scroll of magic mapping
 q - a scroll of enchant armour
Potions
 e - 2 potions of heal wounds {unknown}
 f - a potion of haste {unknown}
 k - 2 potions of agility
 o - a potion of mutation {unknown}
 p - a potion of flight {unknown}
Comestibles
 d - 8 rations


   Skills:
 * Level 3.1 Fighting
 * Level 3.3 Long Blades
 + Level 2.4 Armour
 * Level 3.9 Dodging
 + Level 2.2 Spellcasting
 * Level 4.5 Charms


You had one spell level left.
You knew the following spells:

 Your Spells              Type           Power        Failure   Level  Hunger
a - Infusion              Chrm           ##..         5%          1    ##.....
b - Shroud of Golubria    Chrm/Tloc      #.........   22%         2    ###....
c - Song of Slaying       Chrm           ##......     9%          2    ###....
d - Regeneration          Chrm/Necr      #.........   38%         3    ####...

Your spell library contained the following spells:

 Spells                   Type           Power        Failure   Level  Hunger
 Spectral Weapon          Hex/Chrm       #.......     38%         3    ####...


Dungeon Overview and Level Annotations

Branches:
Dungeon (4/15)
 Temple: D:4-7

Altars:

Annotations:
D:4 Edmund


Innate Abilities, Weirdness & Mutations

You are small and have problems with some larger weapons.
You are somewhat resistant to further mutation.


Message History

Edmund is moderately wounded.
Edmund hits you but does no damage.
You barely miss Edmund.
Edmund is moderately wounded.
Edmund hits you with a flail of protection!
You hit Edmund.
Edmund is moderately wounded.
Edmund closely misses you.
You riposte.
You hit Edmund.
Edmund is heavily wounded.
You completely miss Edmund.
Edmund is heavily wounded.
Edmund barely misses you.
You hit Edmund but do no damage.
Edmund is heavily wounded.
Edmund hits you with a flail of protection!
* * * LOW HITPOINT WARNING * * *
You hit Edmund but do no damage.
Edmund is heavily wounded.
Edmund hits you with a flail of protection!
You die...

#.......<# #
#........#.#
#........#.####
#..............
#..............
#..............
#......@.......
#..?..@†.......
#######'#...$. #.#
...
#.##+###+#######
##.##>..........##
+.................
##.######.#####..#
#........# ##.#
########## #..


You could see Edmund.

Vanquished Creatures
  A scorpion (D:4)
  2 hounds
  An orc wizard (D:3)
  Jessica (D:2)
  Robin (D:2)
  7 adders
  2 worms (D:3)
  5 dart slugs
  6 leopard geckos
  3 orcs (D:3)
  2 ball pythons (D:3)
  2 giant cockroaches
  19 goblins
  8 hobgoblins
  4 jackals
  6 kobolds
  4 quokkas
  13 bats
  8 frilled lizards
  A quokka skeleton (D:4)
  8 rats
104 creatures vanquished.

Notes
Turn   | Place    | Note
-------+----------+-------------------------------------------
     0 | D:1      | Adamkad1 the Halfling Skald began the quest for the Orb.
     0 | D:1      | Reached XP level 1. HP: 14/14 MP: 3/3
   261 | D:1      | Reached XP level 2. HP: 15/19 MP: 4/4
   319 | D:1      | Learned a level 2 spell: Shroud of Golubria
   600 | D:1      | Reached XP level 3. HP: 23/24 MP: 5/5
   629 | D:1      | Learned a level 2 spell: Song of Slaying
  1075 | D:2      | Noticed Robin
  1101 | D:2      | Killed Robin
  1101 | D:2      | Reached XP level 4. HP: 27/29 MP: 0/6
  1635 | D:2      | Noticed Jessica
  1642 | D:2      | Killed Jessica
  1642 | D:2      | Reached XP level 5. HP: 35/35 MP: 0/7
  2298 | D:3      | Reached skill level 4 in Charms
  2458 | D:3      | Reached XP level 6. HP: 28/41 MP: 1/9
  2529 | D:3      | Learned a level 3 spell: Regeneration
  3472 | D:4      | Noticed Edmund
  3506 | D:4      | Slain by Edmund

Skill      XL: |  1  2  3  4  5  6 |
---------------+-------------------+-----
Fighting       | 2 3 |  3.1
Dodging        | 3 |  3.9
Spellcasting   | 2 |  2.2
Armour         | 2 |  2.4
Charms         | 4 |  4.5
Long Blades    | 3 |  3.3

Action                   |  1- 3 |  4- 6 || total
-------------------------+-------+-------++-------
Melee: Falchion          |    84 |   227 ||   311
 Cast: Shroud of Golubri |     1 |     5 ||     6
       Infusion          |     1 |    11 ||    12
       Song of Slaying   |     1 |     3 ||     4
       Regeneration      |       |     1 ||     1
  Use: Scroll            |       |     7 ||     7
  Eat: Chunk             |     1 |     9 ||    10
Armor: Leather armour    |    31 |    49 ||    80
Dodge: Dodged            |    87 |   225 ||   312
       Rpst.: Falchion   |    27 |    68 ||    95
